 Dungeon Crawl Stone Soup version 0.18.1-48-g4cf74bf (webtiles) character file.

431 rlgrobin the Insei (level 6, -2/47 HPs)
             Began as a Mummy Monk on Sept 5, 2016.
             Killed from afar by an orc wizard (9 damage)
             ... with a magic dart
             ... on level 3 of the Dungeon.
             The game lasted 00:06:51 (4714 turns).

rlgrobin the Insei (Mummy Monk)                     Turns: 4714, Time: 00:06:52

Health: -2/47      AC:  2    Str: 14    XL:     6   Next: 66%
Magic:  6/6        EV: 15    Int: 10    God:
Gold:   70         SH:  0    Dex: 16    Spells: 0 memorised, 5 levels left

rFire  x . .     SeeInvis .       - Unarmed
rCold  + . .     Gourm    .     (no armour)
rNeg   + + +     Faith    .     (no shield)
rPois  ∞         Spirit   .     (no helmet)
rElec  .         Dismiss  .     c - +0 cloak
rCorr  .         Reflect  .     (no gloves)
SustAt .         Harm     .     f - +0 pair of boots
MR     .....                    (no amulet)
Stlth  ++........               (no ring)
                                (no ring)

@: not resistant to hostile enchantments, unstealthy
A: no food or potions, fire vulnerability, cold resistance 1, negative energy
resistance 3, torment resistance, unbreathing
a: no special abilities


You were on level 3 of the Dungeon.
You were not hungry.

You visited 1 branch of the dungeon, and saw 3 of its levels.

You collected 70 gold pieces.


Innate Abilities, Weirdness & Mutations

You do not eat or drink.
Your flesh is vulnerable to fire.
You are immune to poison.
Your flesh is cold resistant.
You are immune to negative energy.
You are immune to unholy pain and torment.
You can survive without breathing.


   Skills:
 - Level 3.0 Fighting
 + Level 5.0 Dodging
 - Level 1.5 Stealth
 - Level 5.0 Unarmed Combat


You had 5 spell levels left.
You didn't know any spells.

Inventory:

Armour
 c - a +0 cloak (worn)
 f - a +0 pair of boots (worn)
Scrolls
 a - 2 scrolls of identify {unknown}
 b - a scroll of fear (quivered) {unknown}
 d - 4 scrolls of remove curse {unknown}
 e - a scroll of magic mapping {unknown}
 g - a scroll of recharging {unknown}
 h - 2 scrolls of teleportation {unknown}
 i - a scroll of amnesia {unknown}
 j - a scroll of fog {unknown}

Dungeon Overview and Level Annotations

Branches:
Dungeon (3/15)

Altars:
Pakellas

Annotations:
D:3 Robin

.▒/▒▒▒▒.▒ ▒.▒▒.▒.▒▒▒▒▒.▒
.▒.▒ ▒.▒ ▒.▒▒.▒(▒ ▒.▒
.▒.▒ ▒.▒ ▒......▒ ▒.▒
.▒.▒ ▒.▒ ▒.▒▒▒▒.▒ ▒.▒
.▒)▒ ▒.▒ ▒.▒
▒.▒▒▒▒▒.▒▒▒▒▒ ...▒ ▒.▒
▒.▒ ▒(....†<.o.(▒ ...▒
▒.▒ ▒.▒ ▒▒.▒..▒▒▒▒▒.▒
..▒▒ ▒.▒ ▒.▒▒▒▒▒.▒..▒
▒.▒ .▒▒
▒.▒▒▒▒▒...M†oo...▒ ▒o▒
.▒▒▒▒▒▒..........)o.▒.▒▒
▒.▒
.....[..▒▒▒▒▒▒▒▒▒▒▒▒▒.▒
▒{▒ ▒▒▒▒▒▒▒.▒ ▒.▒ ▒.▒
▒.▒ ▒.▒ ▒o▒ ▒.▒ ▒.▒ ▒.▒
▒.▒ ▒▒▒▒▒▒.▒ ▒o▒ ▒.▒
▒......▒ ▒.. ▒.▒
▒.▒▒▒▒▒▒ ▒▒)


You could see 2 orc wizards and an orc.


Message History

The orc wizard hits you with a dagger!!!
You squash the orc wizard like an ant!
You annihilate the orc wizard!!!
Your Dodging skill increases to level 5!!!
The orc hits you with a whip!
The orc wizard hits you but does no damage!
You squash the orc wizard like an ant!
The orc wizard is lightly wounded!
The orc hits you with a whip! * * * don't die
* * * The orc wizard casts a spell at you!
The magic dart hits you!!! * * * don't die
* * * You are too injured to fight recklessly!!!
You are too injured to fight recklessly!!!
You are too injured to fight recklessly!!!
You are too injured to fight recklessly!!!
You are too injured to fight recklessly!!!
You are too injured to fight recklessly!!!
You squash the orc wizard like an ant!
The orc wizard is moderately wounded!
The orc closely misses you!
The orc wizard hits you with a dagger! * * * don't die
* * * You closely miss the orc wizard!
The orc wizard is moderately wounded!
The orc hits you with a whip! * * * don't die
* * * The orc wizard casts a spell at you!
The magic dart hits you!!! rip

Action                   |  1- 3 |  4- 6 || total
-------------------------+-------+-------++-------
Melee: Unarmed           |   130 |   208 ||   338
       Punch             |     5 |     7 ||    12
 Stab: Distracted        |     1 |     1 ||     2
       Sleeping          |       |     2 ||     2
Armor: Skin              |       |    32 ||    32
Dodge: Dodged            |    73 |   112 ||   185

Vault maps used:
D:1:      sevenhm_arrival_forest_fort_small_3
D:2:      gammafunk_pakellas_statue_experiment
D:3:      roderic_batcave, uniq_robin, uniq_natasha, uniq_sigmund

Notes
Turn   | Place    | Note
--------------------------------------------------------------
     0 | D:1      | rlgrobin the Mummy Monk began the quest for the Orb.
     0 | D:1      | Reached XP level 1. HP: 18/18 MP: 1/1
   666 | D:1      | Reached XP level 2. HP: 24/24 MP: 2/2
   992 | D:1      | Reached skill level 4 in Unarmed Combat
  1556 | D:1      | Reached XP level 3. HP: 20/29 MP: 3/3
  2428 | D:2      | Reached XP level 4. HP: 28/35 MP: 4/4
  3158 | D:2      | Found an oddly glowing altar of Pakellas.
  3158 | D:2      | Noticed an orange crystal statue
  3160 | D:2      | Noticed a crocodile
  3176 | D:2      | Killed a crocodile
  3434 | D:3      | Reached skill level 5 in Unarmed Combat
  3629 | D:3      | Reached skill level 3 in Dodging
  3629 | D:3      | Reached XP level 5. HP: 33/41 MP: 5/5
  3783 | D:3      | Noticed Sigmund
  3803 | D:3      | Killed Sigmund
  3803 | D:3      | Reached skill level 4 in Dodging
  3803 | D:3      | Reached XP level 6. HP: 9/47 MP: 6/6
  4156 | D:3      | Noticed Robin
  4160 | D:3      | Noticed Natasha
  4210 | D:3      | Killed Natasha
  4529 | D:3      | Noticed Natasha
  4566 | D:3      | Killed Natasha
  4710 | D:3      | Reached skill level 5 in Dodging
  4714 | D:3      | Killed from afar by an orc wizard

Vanquished Creatures
  Sigmund (D:3)
  A vampire bat (D:3)
  An orc wizard (D:3)
  Natasha (twice) (D:3)
  7 adders
  2 oozes
  2 worms
  3 dart slugs
  A giant gecko (D:1)
  An orc (D:3)
  2 giant cockroaches
  11 goblins
  9 hobgoblins
  3 jackals (D:2)
  14 kobolds
  13 bats
  2 giant newts
  9 rats
84 creatures vanquished.

Vanquished Creatures (others)
  A crocodile (D:2)
1 creature vanquished.

Grand Total: 85 creatures vanquished
